 Seeded DCSS version 0.30-a0-1008-g30c9307041 (webtiles) character file.

Game seed: 14080597689618016214 (custom seed)

33845 GigaChad the Cleaver (level 14, -7/114 HPs)
             Began as a Formicid Fighter on Apr 5, 2023.
             Was an Initiate of Gozag.
             Mangled by a 17-headed hydra (8 damage)
             ... on level 5 of the Lair of Beasts on Apr 6, 2023.
             The game lasted 00:37:19 (13198 turns).

GigaChad the Cleaver (Formicid Fighter)            Turns: 13198, Time: 00:37:20

Health: -7/114     AC: 28    Str: 33    XL:     14   Next: 10%
Magic:  23/23      EV:  6    Int:  9    God:    Gozag
Gold:   3778       SH: 29    Dex: 13    Spells: 13/13 levels left

rFire   . . .      SeeInvis +    a - +2 war axe (chaos)
rCold   x . .      Faith    .    J - +11 tower shield of Mehikke {Will+}
rNeg    . . .      Spirit   .    D - +1 crystal plate armour of Honesty {+Blink rPois rC- MP+9}
rPois   +          Reflect  .    (helmet unavailable)
rElec   +          Rampage  .    B - +0 cloak
rCorr   .                        (no gloves)
Will    +++..                    (no boots) Stlth
                                 n - amulet of Xufrydel {+Blink rElec Will+ Regen+ Str+2}
HPRegen 1.19/turn                h - +4 ring of protection
MPRegen 0.18/turn                t - +6 ring of strength

@: no status effects
A: permanent stasis, dig shafts and tunnels, antennae 3, four strong arms
a: Dig, Shaft Self, Renounce Religion, Potion Petition, Call Merchant, Bribe
Branch


You were on level 5 of the Lair of Beasts.
You worshipped Gozag.
Gozag was most pleased with you.
You visited 3 branches of the dungeon, and saw 16 of its levels.

You collected 3968 gold pieces.
You paid 190 gold pieces to Gozag.

Inventory:

Hand Weapons
 a - a +2 war axe of chaos (weapon)
 G - a +0 battleaxe
Missiles
 x - 2 throwing nets
Armour
 b - a +0 scale mail
 c - a +0 buckler
 o - a +0 chain mail
 B - a +0 cloak (worn)
 D - the +1 crystal plate armour of Honesty (worn) {+Blink rPois rC- MP+9}
   (You acquired it on level 6 of the Dungeon)

   rC:        It makes you vulnerable to cold.
   rPois:     It protects you from poison.
   MP:        It affects your magic capacity (+9).
   +Blink:    It lets you blink.
 E - +0 swamp dragon scales
 J - the +11 tower shield of Mehikke (worn) {Will+}
   (You acquired it on level 8 of the Dungeon)

   Will:      It increases your willpower.
Jewellery
 h - a +4 ring of protection (left hand)
 n - the amulet of Xufrydel (around neck) {+Blink rElec Will+ Regen+ Str+2}
   (You acquired it on level 2 of the Dungeon)

   [amulet of regeneration]

   Str:       It affects your strength (+2).
   rElec:     It insulates you from electricity.
   +Blink:    It lets you blink.
   Regen:     It increases your rate of health regeneration.
   Will:      It increases your willpower.
 t - a +6 ring of strength (right hand)
 y - a ring of magical power
 C - an amulet of faith
 F - a ring of wizardry
 S - a ring of positive energy
 U - a ring of resist corrosion
Wands
 I - a wand of flame (16)
 K - a wand of paralysis (10)
 L - a wand of polymorph (7)
 M - a wand of iceblast (5)
 P - a wand of digging (4)
 T - a wand of acid (2)
Scrolls
 e - 8 scrolls of teleportation
 f - 8 scrolls of fog
 g - a scroll of enchant armour {unknown}
 l - 4 scrolls of poison
 m - 7 scrolls of immolation
 q - 2 scrolls of vulnerability
 r - a scroll of blinking
 v - 5 scrolls of noise
 w - 2 scrolls of identify
 O - a scroll of fear {unknown}
 R - 2 scrolls of magic mapping {unknown}
Potions
 d - 2 potions of might
 i - 4 potions of flight
 j - 11 potions of curing
 k - 5 potions of brilliance
 p - 4 potions of attraction
 s - 2 potions of ambrosia
 u - 2 potions of heal wounds
 z - 5 potions of lignification
 A - 3 potions of mutation {unknown}
 H - a potion of resistance
 N - 2 potions of degeneration {unknown}
 Q - a potion of invisibility {unknown}
 V - a potion of berserk rage {unknown}


   Skills:
 * Level 11.8 Fighting
 + Level 14.4 Axes
 * Level 11.8 Armour
 + Level 2.0 Dodging
 + Level 3.3 Stealth
 + Level 14.2 Shields


You had 13 spell levels left.
You didn't know any spells.
Your spell library contained the following spells:

 Spells                   Type           Power      Damage    Failure   Level
 Sandblast                Erth           0%         2d4       100%        1
 Slow                     Hex            0%         N/A       100%        1
 Sting                    Tmut/Pois      0%         1d3       100%        1
 Ensorcelled Hibernation  Hex/Ice        0%         N/A       100%        2
 Lesser Beckoning         Tloc           0%         N/A       100%        2
 Passwall                 Tmut/Erth      0%         N/A       100%        2
 Poisonous Vapours        Pois/Air       0%         N/A       100%        2
 Confusing Touch          Hex            0%         N/A       100%        3
 Frozen Ramparts          Ice            0%         1d1       100%        3
 Gell's Gravitas          Tloc           0%         N/A       100%        3
 Spider Form              Tmut/Pois      0%         N/A       100%        3
 Stone Arrow              Conj/Erth      0%         3d7       100%        3
 Teleport Other           Tloc           0%         N/A       100%        3
 Vampiric Draining        Necr           0%         2d6       100%        3
 Anguish                  Hex/Necr       0%         N/A       100%        4
 Ice Form                 Ice/Tmut       0%         N/A       100%        4
 Olgreb's Toxic Radiance  Pois           0%         N/A       100%        4
 Passage of Golubria      Tloc           0%         N/A       100%        4
 Summon Ice Beast         Ice/Summ       0%         N/A       100%        4
 Blade Hands              Tmut           0%         N/A       100%        5
 Irradiate                Conj/Tmut      0%         3d11      100%        5
 Silence                  Hex/Air        0%         N/A       100%        5
 Dragon Form              Tmut           0%         N/A       100%        7
 Lehudib's Crystal Spear  Conj/Erth      0%         10d2      100%        8


Dungeon Overview and Level Annotations

Branches:
Dungeon (10/15)            Temple (1/1) D:6            Lair (5/5) D:10
 Shoals (0/4) Lair:3       Spider (0/4) Lair:3        Slime (0/5) Lair:5
    Orc: D:9-12

Altars:
Ashenzari
Cheibriados
Elyvilon
Gozag
Kikubaaqudgha
Makhleb
Nemelex Xobeh
Okawaru
Ru
Trog
Uskayaw
Wu Jian
Yredelemnul
Zin

Shops:
D:6 [:*   D:9 =

Annotations:
D:9 1 runed translucent door, roninjake's ghost, journeyman MiFi
Lair:1 2 transporters, Kufaut's ghost, journeyman MiBe
Lair:4 1 runed translucent door, Zinwir's ghost, journeyman KoHu


Innate Abilities, Weirdness & Mutations

You cannot be hasted, slowed, berserked, paralysed or teleported.
You can dig through walls and to a lower floor.
You have a pair of large antennae on your head. (SInv)
Your four strong arms can wield two-handed weapons with a shield.


Message History

* * * LOW HITPOINT WARNING * * *
You block the 16-headed hydra's attack. x2; The 16-headed hydra bites you.
* * * LOW HITPOINT WARNING * * *
The 16-headed hydra bites you but does no damage. x4
The 16-headed hydra bites you.
* * * LOW HITPOINT WARNING * * *
The 16-headed hydra bites you.
* * * LOW HITPOINT WARNING * * *
The 16-headed hydra bites you but does no damage. x3
You feel much better.
You block the 16-headed hydra's attack. x3
The 16-headed hydra bites you but does no damage.
You block the 16-headed hydra's attack. The 16-headed hydra bites you.
You block the 16-headed hydra's attack. The 16-headed hydra bites you.
You block the 16-headed hydra's attack.
The 16-headed hydra completely misses you.
The 16-headed hydra bites you!
* * * LOW HITPOINT WARNING * * *
The 16-headed hydra bites you.
* * * LOW HITPOINT WARNING * * *
The 16-headed hydra bites you but does no damage. x2
The 16-headed hydra bites you.
* * * LOW HITPOINT WARNING * * *
The 16-headed hydra bites you.
* * * LOW HITPOINT WARNING * * *
You hack one of the 16-headed hydra's heads off!
The 15-headed hydra grows two more!
You slash the 17-headed hydra!
The 17-headed hydra is lightly wounded.
You block the 17-headed hydra's attack.
The 17-headed hydra bites you but does no damage.
You block the 17-headed hydra's attack. x2; The 17-headed hydra bites you!
* * * LOW HITPOINT WARNING * * *
The 17-headed hydra bites you!
* * * LOW HITPOINT WARNING * * *
The 17-headed hydra barely misses you. x2
The 17-headed hydra bites you but does no damage.
You block the 17-headed hydra's attack.
The 17-headed hydra bites you but does no damage. x3
The 17-headed hydra bites you!
You die...
Your body crumbles into a pile of gold.

...................#
.##.#.#......#....##
##.#.#..#####....#
## ##..# #...## !#.
####..####
....#..#..P..#
..).!.....P.##
..........###
.......@...#
.......D$.#.#
..........###
..........#
...........
............
...........##
(...........


You could see a 17-headed hydra (resistant).

Vanquished Creatures
  Josephine (Lair:3)
  A hydra (Lair:2)
  A two-headed ogre (D:10)
  7 death yaks
  Nergalle (Lair:3)
  A skyshark (Lair:3)
  A glowing orange brain (shapeshifter) (Lair:4)
  Pikel (D:5)
  A manticore (D:10)
  Maurice (D:9)
  2 merfolk sirens (Lair:3)
  7 cane toads
  5 black mambas
  4 rime drakes
  2 unseen horrors
  8 komodo dragons
  Maggie (D:7)
  A hornet (D:9)
  6 blink frogs (Lair:2)
  Grinder (D:5)
  Sigmund (D:2)
  4 wraiths (Lair:3)
  A wyvern (Lair:2)
  32 yaks
  A hog (shapeshifter) (D:8)
  A steam dragon (D:8)
  3 vampire mosquitoes (D:10)
  Grum (D:8)
  2 basilisks
  Edmund (D:5)
  8 water moccasins
  5 orc warriors
  2 ice beasts
  4 ogres
  7 black bears
  20 wolves
  4 centaurs
  4 kobold brigands
  4 lemures (D:5)
  A phantom (D:6)
  16 bullfrogs
  A gnoll sergeant (D:8)
  5 scorpions
  5 wights (D:10)
  3 killer bees (D:9)
  3 howler monkeys
  8 orc priests
  6 hounds
  2 jellies
  4 iguanas
  3 sleepcaps
  Ijyb (D:3)
  3 orc wizards
  7 gnolls
  6 adders
  2 white imps
  An ufetubus (D:6)
  4 worms
  7 dart slugs
  35 orcs
  5 endoplasms
  3 giant cockroaches
  4 hobgoblins (D:2)
  9 jackals
  8 quokkas
  14 ball pythons
  2 bats (D:2)
  4 frilled lizards
  10 goblins
  29 kobolds
  8 rats
  A spectral orc (D:6)
378 creatures vanquished.

Vanquished Creatures (collateral kills)
  A yak (Lair:3)
  An electric eel (Lair:3)
2 creatures vanquished.

Vanquished Creatures (others)
  A yak (Lair:3)
  A wraith (Lair:3)
  32 fungi
  44 plants
78 creatures vanquished.

Grand Total: 458 creatures vanquished

Notes
Turn   | Place    | Note
-------+----------+-------------------------------------------
     0 | D:1      | GigaChad the Formicid Fighter began the quest for the Orb.
     0 | D:1      | Reached XP level 1. HP: 18/18 MP: 1/1
   182 | D:1      | Reached XP level 2. HP: 24/24 MP: 2/2
   589 | D:1      | Reached XP level 3. HP: 29/29 MP: 3/3
   589 | D:1      | Identified a scroll of acquirement
   589 | D:1      | Acquired 970 gold pieces
  1067 | D:2      | Reached XP level 4. HP: 31/35 MP: 4/4
  1172 | D:2      | Acquired the amulet of Xufrydel {+Blink rElec Will+ Regen+
                  | Str+2}
  1251 | D:2      | Noticed Sigmund
  1257 | D:2      | Killed Sigmund
  1258 | D:2      | Reached XP level 5. HP: 42/42 MP: 5/5
  1258 | D:2      | Reached XP level 6. HP: 48/48 MP: 6/6
  1857 | D:3      | Reached skill level 5 in Shields
  2029 | D:3      | Noticed Ijyb
  2051 | D:3      | Killed Ijyb
  2106 | D:3      | Found a faded altar of an unknown god.
  2373 | D:4      | Found an iron altar of Okawaru.
  2477 | D:4      | Reached XP level 7. HP: 54/54 MP: 7/7
  2548 | D:4      | Reached skill level 5 in Axes
  2556 | D:4      | Reached skill level 5 in Armour
  2726 | D:4      | Found a snail-covered altar of Cheibriados.
  2972 | D:4      | Reached XP level 8. HP: 51/61 MP: 8/8
  3153 | D:5      | Entered Level 5 of the Dungeon
  3200 | D:5      | Noticed Grinder
  3220 | D:5      | Killed Grinder
  3337 | D:5      | Reached skill level 5 in Fighting
  3418 | D:5      | Noticed Edmund
  3436 | D:5      | Killed Edmund
  3437 | D:5      | Reached skill level 1 in Dodging
  3476 | D:5      | Reached XP level 9. HP: 68/68 MP: 9/9
  3718 | D:5      | Noticed Pikel
  3744 | D:5      | Killed Pikel
  4018 | D:6      | Found a staircase to the Ecumenical Temple.
  4064 | D:6      | Found Deogor's General Store.
  4387 | D:6      | Found Sachiv's Armour Shop.
  4404 | D:6      | Found Gaharuf's Book Shop.
  4595 | D:6      | Found a basalt altar of Yredelemnul.
  4759 | D:6      | Acquired the +1 crystal plate armour of Honesty {+Blink
                  | rPois rC- MP+9}
  4998 | D:7      | Noticed Maggie
  5018 | D:7      | Killed Maggie
  5019 | D:7      | Reached XP level 10. HP: 55/77 MP: 10/10
  5065 | D:7      | Reached skill level 10 in Axes
  5340 | Temple   | Entered the Ecumenical Temple
  5437 | Temple   | Became a worshipper of Gozag Ym Sagoz the Greedy
  5591 | D:7      | Found an ornate altar of the Wu Jian Council.
  5740 | D:8      | Noticed Grum
  5767 | D:8      | Killed Grum
  5804 | D:8      | Found a sacrificial altar of Ru.
  6037 | D:8      | Found a broken altar of Ashenzari.
  6430 | D:8      | Reached XP level 11. HP: 85/85 MP: 11/11
  6681 | D:8      | Acquired the +11 tower shield of Mehikke {Will+}
  6721 | D:9      | Found a runed translucent door.
  6721 | D:9      | Noticed roninjake's ghost (journeyman MiFi)
  6838 | D:9      | Found Bunaqun's Jewellery Shoppe.
  6975 | D:9      | Noticed Maurice
  6986 | D:9      | Killed Maurice
  6987 | D:9      | Reached skill level 1 in Stealth
  7077 | D:9      | Found a hide-covered altar of Uskayaw.
  7389 | D:10     | Entered Level 10 of the Dungeon
  7407 | D:10     | Found a staircase to the Lair.
  7653 | D:10     | Found a white marble altar of Elyvilon.
  7748 | D:10     | Noticed a two-headed ogre
  7752 | D:10     | Killed a two-headed ogre
  7784 | D:10     | Noticed a manticore
  7796 | D:10     | Killed a manticore
  8366 | D:10     | Found an ancient bone altar of Kikubaaqudgha.
  8403 | Lair:1   | Entered Level 1 of the Lair of Beasts
  8412 | Lair:1   | Reached skill level 10 in Shields
  8452 | Lair:1   | Found a transporter.
  8452 | Lair:1   | Found a transporter.
  8499 | Lair:1   | Reached XP level 12. HP: 94/94 MP: 12/12
  8526 | Lair:1   | Noticed a death yak
  8527 | Lair:1   | Noticed a death yak
  8528 | Lair:1   | Noticed a death yak
  8528 | Lair:1   | Noticed a death yak
  8558 | Lair:1   | Killed a death yak
  8567 | Lair:1   | Killed a death yak
  8574 | Lair:1   | Banished a death yak
  8580 | Lair:1   | Killed a death yak
  8661 | Lair:1   | Noticed Kufaut's ghost (journeyman MiBe)
  9475 | Lair:2   | Reached skill level 10 in Fighting
  9580 | Lair:2   | Reached skill level 10 in Armour
  9654 | Lair:2   | Reached XP level 13. HP: 63/104 MP: 13/13
  9778 | Lair:2   | Noticed a five-headed hydra
  9799 | Lair:2   | Killed a 19-headed hydra
 10790 | Lair:3   | Noticed a five-headed hydra
 10796 | Lair:3   | Banished a seven-headed hydra
 10815 | Lair:3   | Noticed Nergalle
 10832 | Lair:3   | Killed Nergalle
 10862 | Lair:3   | Noticed Josephine
 10877 | Lair:3   | Killed Josephine
 10933 | Lair:3   | Found a hole to the Spider Nest.
 11026 | Lair:3   | Identified the +0 ring mail of Watchfulness {Int+2}
 11537 | Lair:3   | Found a staircase to the Shoals.
 11994 | Lair:4   | Noticed an eight-headed hydra
 12011 | Lair:4   | a 14-headed hydra changed into a glowing shapeshifter
 12070 | Lair:4   | Found a runed translucent door.
 12070 | Lair:4   | Noticed Zinwir's ghost (journeyman KoHu)
 12194 | Lair:4   | Reached XP level 14. HP: 102/114 MP: 14/14
 12897 | Lair:5   | Entered Level 5 of the Lair of Beasts
 12902 | Lair:5   | Found a runed translucent door.
 12903 | Lair:5   | Found a staircase to the Slime Pits.
 13198 | Lair:5   | HP: 1/114 [17-headed hydra (9)]
 13198 | Lair:5   | Mangled by a 17-headed hydra

Illustrated notes

Levels and vault maps discovered:
D:1:      lemuel_arrival_rhombus, layout_basic
D:2:      layout_loops_ring, uniq_sigmund
D:3:      kennysheep_the_goblin_king, layout_basic,
          dreamdust_ecumenical_altar_angels_and_demons, corner_web_ring
D:4:      layout_loops_cross, okawaru_trees_2, overflow_temple_1_default,
          minmay_divided_ellipse
D:5:      layout_loops_cross, grunt_tough_drop, uniq_ijyb, uniq_edmund,
          uniq_pikel, uniq_grinder
D:6:      layout_loops_corners, yredelemnul_forgotten_temple_becter,
          minmay_temple_entry_tees, serial_shops, nicolae_shop_behind_doors,
          nicolae_take_the_stairs, nicolae_shop_waterfront, minivault_23
D:7:      layout_basic, nzn_wu_jian_contemplation, amcnicky_mini_pool_small,
          uniq_maggie
D:8:      layout_basic, amcnicky_altar_gilded, lemuel_tele_altar, uniq_grum
D:9:      layout_basic, nicolae_uskayaw_dance_studio, ebering_ghost_inner_flame,
          serial_shops, nicolae_shop_trees, uniq_maurice
D:10:     layout_stronghold, mainiacjoe_overflow_swirl,
          due_lair_maze_entry_diamond
Temple:   nicolae_temple_figure_eight
Lair:1:   layout_regular_city, gammafunk_ghost_hive, beast_lair_carwin_4
Lair:2:   layout_chaotic_city
Lair:3:   layout_regular_city, elwin_shoals_entry_rooms,
          spider_nest_entry_web_field, serial_bayou_pond_e, grunt_megastairs_3,
          serial_bayou_shore_a, uniq_nergalle, uniq_josephine
Lair:4:   layout_hall_layers, gammafunk_ghost_grave, minmay_lindwurm_lava
Lair:5:   grunt_lair_end_beastmaster, layout_small_grid, slime_entry_2

Skill      XL: |  1  2  3  4  5  6  7  8  9 10 11 12 13 14 |
---------------+-------------------------------------------+-----
Fighting       | 4 5 6 7 8 10 11 | 11.8
Axes           | 4 6 7 9 11 12 13 14 | 14.4
Armour         | 4 5 6 7 8 10 11 | 11.8
Shields        | 5 6 7 10 12 13 14 | 14.2
Dodging        | 1 2 |  2.0
Stealth        | 2 3 |  3.3

Action                     |  1- 3 |  4- 6 |  7- 9 | 10-12 | 13-15 || total
---------------------------+-------+-------+-------+-------+-------++-------
  Melee: War axe           |    90 |   112 |   231 |   498 |   291 ||  1222
Ability: Dig               |       |     2 |       |     3 |     2 ||     7
    Use: Scroll            |     1 |     6 |     3 |     9 |     3 ||    22
         Potion            |       |       |       |       |     5 ||     5
   Stab: Distracted        |       |       |       |     4 |       ||     4
         Confused          |       |       |       |     3 |     1 ||     4
         Petrifying        |       |       |       |     2 |     3 ||     5
         Paralysed         |       |       |       |       |     1 ||     1
 Armour: Scale mail        |    35 |     8 |       |       |       ||    43
         Chain mail        |       |    62 |   119 |       |       ||   181
         Crystal plate arm |       |       |     8 |   266 |   248 ||   522
  Dodge: Dodged            |    54 |    46 |    95 |    72 |    55 ||   322
  Block: Buckler           |    28 |    28 |    58 |    42 |       ||   156
         Tower shield      |       |       |       |   501 |   518 ||  1019

Table legend: (Time is in decaauts)
 A = Elapsed time spent in this place.
 B = Non-inter-level travel time spent in this place.
 C = Inter-level travel time spent in this place.
 D = Time resting spent in this place.
 E = Time spent auto-exploring this place.
 F = Levels seen in this place.
 G = Mean time per level.
                   A        B        C        D        E       F      G
               +--------+--------+--------+--------+--------+-----+--------+
         Total |  13351 |  12854 |    497 |   1090 |   7858 |  16 |  834.4 |
       Dungeon |   8405 |   7996 |    409 |    194 |   5565 |  10 |  840.5 |
        Temple |    125 |     93 |     32 |      0 |     80 |   1 |  125.0 |
          Lair |   4820 |   4764 |     56 |    896 |   2213 |   5 |  964.0 |
               +--------+--------+--------+--------+--------+-----+--------+

Top non-repeatable levels by time:
  Lair:2: 1373 daAuts
  Lair:3: 1144 daAuts
     D:8: 1064 daAuts
     D:6: 1050 daAuts
  Lair:4: 1041 daAuts
    D:10: 1024 daAuts
  Lair:1: 960 daAuts
     D:1: 883 daAuts
     D:2: 858 daAuts
     D:4: 812 daAuts
     D:5: 757 daAuts
     D:9: 705 daAuts
     D:3: 683 daAuts
     D:7: 565 daAuts
  Lair:5: 300 daAuts
